 Dungeon Crawl Stone Soup version 0.28-a0-1235-g7c8fac35f0 (webtiles) character file.

Game seed: 8589698295859857147

43614 HessuHobo the Cleaver (level 13, -1/106 HPs)
             Began as a Demonspawn Berserker on Dec 25, 2021.
             Was an Elder of Trog.
             Slain by an alligator (19 damage)
             ... called by a spriggan druid
             ... on level 1 of the Swamp.
             The game lasted 00:37:18 (19546 turns).

HessuHobo the Cleaver (Demonspawn Berserker)       Turns: 19546, Time: 00:37:18

Health: -1/106     AC: 21    Str: 18    XL:     13   Next: 91%
Magic:  11/11      EV: 10    Int:  8    God:    Trog [****..]
Gold:   1456       SH: 10    Dex: 15    Spells: 12/12 levels left

rFire   . . .      SeeInvis +   C - +1 war axe (vamp)
rCold   + . .      Faith    .   z - +0 kite shield
rNeg    . . .      Spirit   .   a - +4 plate armour {rPois}
rPois   +          Reflect  .   O - +0 hat
rElec   +          Harm     .   w - +0 cloak
rCorr   .          Rampage  .   k - +0 pair of gloves
Will    +....      Rnd*Tele +   (no boots)
Stlth   ..........              c - amulet of regeneration
HPRegen 1.07/turn               D - ring of protection from cold
MPRegen 0.12/turn               F - ring of Autumn {rElec rPois Will+ Str-3 SInv}

@: agile, on berserk cooldown, slowed, very slow
A: hooves 2, horns 2, ignite blood 2, powered by pain 2, weakness stinger 2, low
mp 1, teleportitis 1, subdued magic 1
a: Renounce Religion, Berserk, Trog's Hand, Brothers in Arms


You were on level 1 of the Swamp.
You worshipped Trog.
Trog was greatly pleased with you.
You visited 3 branches of the dungeon, and saw 19 of its levels.

You collected 1813 gold pieces.
You spent 357 gold pieces at shops.

Inventory:

Hand Weapons
 C - a +1 vampiric war axe (weapon)
 L - the +9 broad axe of Dissolution {vamp, rF- rC+++ rN++ SInv}
   (You acquired it on level 3 of the Lair of Beasts)

   It occasionally heals its wielder for a portion of the damage dealt when it
   wounds a living foe.
   rF:        It makes you vulnerable to fire.
   rC:        It renders you almost immune to cold.
   rN:        It greatly protects you from negative energy.
   SInv:      It lets you see invisible.
Missiles
 n - 61 poisoned darts (quivered)
 o - 3 boomerangs of dispersal
 p - 2 throwing nets
 I - 2 javelins
Armour
 a - a +4 plate armour of poison resistance (worn)
 k - a +0 pair of gloves (worn)
 w - a +0 cloak (worn)
 z - a +0 kite shield (worn)
 O - a +0 hat (worn)
Jewellery
 c - an amulet of regeneration (around neck)
 u - a ring of poison resistance
 A - an amulet of the acrobat
 D - a ring of protection from cold (left hand)
 F - the ring of Autumn (right hand) {rElec rPois Will+ Str-3 SInv}
   (You bought it in a shop on level 5 of the Dungeon)

   [ring of see invisible]

   Str:       It affects your strength (-3).
   rElec:     It insulates you from electricity.
   rPois:     It protects you from poison.
   SInv:      It lets you see invisible.
   Will:      It increases your willpower.
 R - a +6 ring of dexterity
Wands
 d - a wand of digging (11)
 j - a wand of charming (5)
 r - a wand of mindburst (29)
 H - a wand of iceblast (7)
 J - a wand of flame (64)
 K - a wand of paralysis (6)
Scrolls
 f - 4 scrolls of teleportation
 t - a scroll of enchant weapon {unknown}
 x - 3 scrolls of noise
 y - 2 scrolls of fear
 B - 2 scrolls of magic mapping
 G - a scroll of holy word
 M - a scroll of summoning {unknown}
 N - 2 scrolls of blinking
 P - a scroll of torment {unknown}
 Q - 3 scrolls of immolation
 Z - a scroll of fog {unknown}
Potions
 b - 4 potions of might
 e - 3 potions of lignification
 g - 4 potions of haste
 h - 7 potions of curing
 i - a potion of berserk rage {unknown}
 l - a potion of cancellation {unknown}
 m - a potion of brilliance {unknown}
 q - 4 potions of degeneration
 s - 3 potions of mutation
 v - a potion of flight
 E - a potion of invisibility {unknown}
 S - 2 potions of magic
 T - a potion of attraction {unknown}
 V - a potion of heal wounds {unknown}
 W - a potion of resistance {unknown}


   Skills:
 + Level 11.0 Fighting
 * Level 13.9 Axes
 - Level 8.0 Throwing
 + Level 9.8 Armour
 - Level 1.7 Dodging
 - Level 5.8 Shields
 + Level 7.1 Evocations


You had 12 spell levels left.
You didn't know any spells.
Your spell library was empty.

Dungeon Overview and Level Annotations

Branches:
Dungeon (12/15)            Temple (0/1) D:7            Lair (5/6) D:9
  Swamp (2/4) Lair:3        Snake (0/4) Lair:3        Slime (0/5) Lair:5
    Orc: D:9-12

Altars:
Ashenzari
Cheibriados
Elyvilon
Hepliaklqana
Kikubaaqudgha
Nemelex Xobeh
Okawaru
Ru
Sif Muna
Vehumet
Wu Jian
The Shining One

Shops:
D:4 =:   D:5 =   D:10 (

Annotations:
D:10 1 exclusion
Lair:5 2 transporters, Una Erem's ghost, journeyman OpTm


Innate Abilities, Weirdness & Mutations

You have hoof-like feet.
You have a pair of horns on your head.
Your demonic aura often causes spilled blood to erupt in flames.
You sometimes gain power by taking damage.
You have a tail ending in a sharp stinger.
Your magical capacity is low. (-10% MP)
You are occasionally teleported next to monsters.
Your spells are a little easier to cast, but a little less powerful.


Message History

The spriggan druid splashes around in the water.
The alligator bites you!!
You focus on the pain.
You feel agile all of a sudden.
The alligator tail-slaps you but does no damage.
There is a stone staircase leading up, spattered with blood here.
The spriggan druid calls out to the beasts of the wild!
The alligator barely misses you. You block the alligator's attack.
The spriggan druid calls out to the beasts of the wild!
You climb upwards.
There is a stone staircase leading down, spattered with blood here.
You barely miss the alligator. Your kick misses the alligator.
You headbutt the alligator. You tail-slap the alligator.
The alligator is lightly wounded.
You miss the spriggan druid. You block the alligator's attack.
The alligator tail-slaps you but does no damage.
The spriggan druid hits you but does no damage.
You block the alligator's attack.
The alligator tail-slaps you but does no damage.
You hit the alligator but do no damage.
You kick the alligator, but do no damage.
The alligator is lightly wounded.
You hit the spriggan druid.
You feel better. The alligator bites you!
The alligator tail-slaps you but does no damage.
The spriggan druid hits you but does no damage.
You block the alligator's attack. The alligator barely misses you.
The spriggan druid casts a spell at you.
The stone arrow misses you.
Your ogre goes berserk!
Trog will no longer gift you weapons. The alligator barely misses you.
You block the alligator's attack. You block the spriggan druid's attack.
The alligator bites you but does no damage.
The alligator tail-slaps you.
Your ogre completely misses the spriggan druid.
The spriggan druid gestures at you while chanting.
The stone arrow hits you!!
* * * LOW HITPOINT WARNING * * *
The alligator is engulfed in blazing flames.
The alligator bites you!!
You die...

♣≈♣.≈≈.≈..≈.♣ ♣♣≈≈≈≈≈≈♣♣♣....
♣♣.♣≈§≈≈≈≈..♣ ♣♣≈≈≈♣.....≈....
♣....≈≈≈≈≈.♣ ♣.≈.≈≈...♣≈≈..≈.
♣♣.≈♣.≈≈≈≈.♣ ♣♣.^≈♣≈...≈≈..♣≈
♣÷≈≈≈≈♣≈.♣♣ ♣...♣♣♣.≈≈♣.♣♣♣.
♣≈≈..>...♣ ♣♣...♣ ♣.♣≈♣.♣ ♣♣
♣♣.♣♣≈≈≈≈♣ ♣..O♣♣ ♣..≈♣≈♣ ♣
♣..♣.≈≈≈♣♣♣♣ti.♣ ♣♣.≈≈.♣♣ ♣
♣♣.♣.≈≈≈≈♣♣@..♣♣ ♣≈≈≈≈≈♣ ♣
♣♣..♣.≈.....≈♣♣ ♣.≈≈≈♣♣ ♣♣
♣♣≈≈♣(...♣≈....♣♣♣ ♣.≈§♣♣ ♣
.♣♣♣♣.♣..≈...♣.......♣♣ ♣...♣ ♣♣♣
♣≈♣≈≈♣....≈.≈.....(##.♣♣♣♣..♣♣♣..
♣..♣♣♣.≈♣.≈.........#..♣♣♣.≈.♣...
♣.....≈.♣♣....#.#.###...♣♣♣≈♣♣♣≈≈
♣♣.....♣♣♣♣..#..#.......♣♣♣♣♣.≈..
♣♣♣.♣♣♣♣♣≈.............♣.≈♣.)≈.♣


You could see an alligator (swift), a spriggan druid (ally target) and a
friendly ogre (summoned, berserk).

Vanquished Creatures
  Gastronok (Lair:1)
  Kirke (Lair:5)
  2 bunyips
  2 eleionomae (Swamp:1)
  2 boulder beetles
  A ghost crab (Swamp:1)
  10 hydras
  2 two-headed ogres
  3 skeletal warriors
  A goliath frog (Swamp:1)
  A swamp dragon (Lair:3)
  4 bog bodies (Lair:3)
  12 elephants
  A black mamba (Lair:5)
  Maurice (D:12)
  4 cane toads
  2 gargoyles (D:10)
  A torpor snail (Lair:5)
  4 rime drakes
  5 komodo dragons
  2 trolls
  Grinder (D:3)
  A tyrant leech (Swamp:1)
  A polar bear (Lair:5)
  3 hornets
  3 blink frogs (Lair:1)
  4 spriggans
  2 shadows
  A wyvern (Lair:1)
  5 hogs (Lair:5)
  37 yaks
  A wraith (D:10)
  2 vampire mosquitoes
  2 basilisks (Lair:2)
  2 acid dragons (D:10)
  2 nagas (Lair:3)
  3 swamp worms
  3 water moccasins
  4 black bears
  A swamp drake (Swamp:1)
  An orc warrior (D:11)
  A necrophage (D:8)
  A sky beast (D:6)
  2 ogres
  8 wolves
  2 centaurs
  A phantom (D:6)
  3 kobold brigands
  14 bullfrogs
  3 gnoll sergeants
  A wyvern zombie (D:6)
  A scorpion (D:6)
  A wyvern skeleton (D:6)
  A water moccasin skeleton (D:5)
  6 killer bees (D:10)
  4 wights (D:6)
  2 electric eels
  2 vampire bats (D:11)
  A bullfrog zombie (D:6)
  6 centaur zombies
  5 jellies
  A gnoll shaman (D:8)
  3 hounds
  4 centaur skeletons
  5 orc priests
  An iron imp (D:10)
  5 orc wizards
  A hound zombie (D:5)
  A hound skeleton (D:5)
  A howler monkey zombie (D:9)
  5 adders
  20 gnolls
  A white imp (D:7)
  An ufetubus (D:5)
  5 worms
  2 dart slugs
  18 orcs
  5 ball pythons
  4 bat skeletons (D:11)
  2 bat zombies (D:11)
  14 endoplasms
  3 giant cockroaches
  5 goblins
  6 hobgoblins
  6 jackals
  5 quokkas
  4 bats
  2 frilled lizards
  17 kobolds
  8 rats
361 creatures vanquished.

Vanquished Creatures (others)
  A swamp worm (Swamp:1)
  12 fungi
  21 plants
34 creatures vanquished.

Grand Total: 395 creatures vanquished

Notes
Turn   | Place    | Note
-------+----------+-------------------------------------------
     0 | D:1      | HessuHobo the Demonspawn Berserker began the quest for the
                  | Orb.
     0 | D:1      | Reached XP level 1. HP: 18/18 MP: 1/1
   214 | D:1      | Reached skill level 3 in Axes
   214 | D:1      | Discovered your monstrous ancestry.
   214 | D:1      | Gained mutation: You have large cloven feet. [demonic
                  | ancestry]
   214 | D:1      | Reached XP level 2. HP: 24/24 MP: 2/2
  1576 | D:2      | Gained mutation: You sometimes gain a little power by
                  | taking damage. [demonic ancestry]
  1576 | D:2      | Reached XP level 3. HP: 26/29 MP: 3/3
  1584 | D:2      | Reached ** piety under Trog
  2198 | D:2      | You fall into a shaft and drop 1 floor!
  2737 | D:3      | Reached XP level 4. HP: 26/35 MP: 4/4
  2973 | D:3      | Noticed a bullfrog
  2982 | D:3      | Killed a bullfrog
  2983 | D:3      | Reached skill level 4 in Axes
  2983 | D:3      | Gained mutation: You have a small tail. [demonic ancestry]
  2983 | D:3      | Reached XP level 5. HP: 39/42 MP: 5/5
  3177 | D:3      | Noticed Grinder
  3195 | D:3      | Paralysed by Grinder for 6 turns
  3204 | D:3      | Killed Grinder
  3205 | D:3      | Reached skill level 5 in Axes
  3205 | D:3      | Gained mutation: You have a pair of small horns on your
                  | head. [demonic ancestry]
  3205 | D:3      | Reached XP level 6. HP: 20/49 MP: 6/6
  3768 | D:3      | Found a radiant altar of Vehumet.
  4329 | D:4      | Found Kuochuyg's Jewellery Emporium.
  4393 | D:4      | Gained mutation: You have hoof-like feet. [demonic
                  | ancestry]
  4393 | D:4      | Reached XP level 7. HP: 36/55 MP: 7/7
  4501 | D:4      | Reached skill level 1 in Throwing
  4513 | D:4      | Found an ornate altar of the Wu Jian Council.
  4561 | D:4      | Reached *** piety under Trog
  4599 | D:4      | Reached skill level 5 in Fighting
  4746 | D:4      | Found Xafepon's Book Shop.
  5077 | D:5      | Entered Level 5 of the Dungeon
  5170 | D:5      | Reached skill level 6 in Axes
  5175 | D:5      | Identified the +1 leather armour "Mogehunu" {Fly}
  5185 | D:5      | Identified the +5 dagger of Purpose {vorpal, Int+2}
  5279 | D:5      | Found Oppoitt's Jewellery Shoppe.
  5353 | D:5      | Reached skill level 1 in Shields
  5696 | D:6      | Gained mutation: You sometimes gain power by taking damage.
                  | [demonic ancestry]
  5696 | D:6      | Reached XP level 8. HP: 62/62 MP: 8/8
  5885 | D:6      | Found a sacrificial altar of Ru.
  6272 | D:6      | Reached skill level 7 in Axes
  6514 | D:6      | Reached skill level 5 in Armour
  6676 | D:7      | Found a broken altar of Ashenzari.
  6779 | D:7      | Gained mutation: Your demonic aura sometimes causes spilled
                  | blood to erupt in flames. [demonic ancestry]
  6779 | D:7      | Reached XP level 9. HP: 66/69 MP: 9/9
  6845 | D:7      | Reached **** piety under Trog
  7280 | D:7      | Found a staircase to the Ecumenical Temple.
  7471 | D:5      | Bought the ring of Autumn {rElec rPois Will+ Str-3 SInv}
                  | for 357 gold pieces
  8059 | D:8      | Reached skill level 8 in Axes
  8081 | D:8      | Noticed a five-headed hydra
  8098 | D:8      | Killed an eight-headed hydra
  8099 | D:8      | Gained mutation: Your demonic aura often causes spilled
                  | blood to erupt in flames. [demonic ancestry]
  8099 | D:8      | Reached XP level 10. HP: 79/79 MP: 10/10
  8459 | D:8      | Found a sparkling altar of Nemelex Xobeh.
  8853 | D:9      | Found a staircase to the Lair.
  8853 | D:9      | Noticed an elephant
  8865 | D:9      | Killed an elephant
  8866 | D:9      | Reached skill level 9 in Axes
  8871 | D:9      | Reached skill level 5 in Throwing
  9013 | D:9      | Found a hazy altar of Hepliaklqana.
  9068 | D:9      | Found a shimmering blue altar of Sif Muna.
  9475 | D:10     | Entered Level 10 of the Dungeon
  9558 | D:10     | Found Fiux's Weapon Shop.
  9959 | D:10     | Noticed a centaur warrior
  9959 | D:10     | Noticed a catoblepas
  9961 | D:10     | Noticed a skeletal warrior
 10137 | Lair:1   | Entered Level 1 of the Lair of Beasts
 10171 | Lair:1   | Reached skill level 5 in Shields
 10186 | Lair:1   | Noticed Gastronok
 10367 | Lair:1   | Noticed a six-headed hydra
 10373 | Lair:1   | Killed a nine-headed hydra
 10588 | Lair:1   | Gained mutation: You have a tail ending in a sharp stinger.
                  | [demonic ancestry]
 10588 | Lair:1   | Reached XP level 11. HP: 84/86 MP: 11/11
 10743 | Lair:1   | Gained mutation: You are occasionally teleported next to
                  | monsters. [potion of mutation]
 10743 | Lair:1   | Gained mutation: Your magical capacity is low. (-10% MP)
                  | [potion of mutation]
 10743 | Lair:1   | Gained mutation: Your spells are a little easier to cast,
                  | but a little less powerful. [potion of mutation]
 11101 | Lair:1   | Killed Gastronok
 11102 | Lair:1   | Reached skill level 10 in Axes
 12189 | Lair:3   | Noticed a bog body
 12204 | Lair:3   | Killed a bog body
 12231 | Lair:3   | Noticed a bog body
 12236 | Lair:3   | Killed a bog body
 12237 | Lair:3   | Reached skill level 1 in Evocations
 12398 | Lair:3   | Found a staircase to the Snake Pit.
 12954 | Lair:3   | Found a staircase to the Swamp.
 12954 | Lair:3   | Noticed a bog body
 12954 | Lair:3   | Noticed a bog body
 12976 | Lair:3   | Killed a bog body
 12977 | Lair:3   | Reached skill level 11 in Axes
 12977 | Lair:3   | Killed a bog body
 13436 | Lair:4   | Noticed a seven-headed hydra
 13440 | Lair:4   | Killed a ten-headed hydra
 13555 | Lair:4   | Gained mutation: You have a pair of horns on your head.
                  | [demonic ancestry]
 13555 | Lair:4   | Reached XP level 12. HP: 56/94 MP: 10/10
 13563 | Lair:4   | Noticed a five-headed hydra
 13573 | Lair:4   | Killed an eight-headed hydra
 14045 | Lair:4   | Found a sacrificial altar of Ru.
 14501 | Lair:5   | Noticed Kirke
 14511 | Lair:5   | Reached skill level 12 in Axes
 14521 | Lair:5   | Killed Kirke
 14571 | Lair:5   | Reached ***** piety under Trog
 14602 | Lair:5   | Found a transporter.
 14613 | Lair:5   | Noticed Una Erem's ghost (journeyman OpTm)
 14614 | Lair:5   | Noticed a boulder beetle
 14665 | Lair:5   | Noticed a boulder beetle
 14696 | Lair:5   | Killed a boulder beetle
 14739 | Lair:5   | Found a transporter.
 14750 | Lair:5   | Noticed an anaconda
 14852 | Lair:5   | Found a staircase to the Slime Pits.
 14915 | Lair:5   | Reached skill level 5 in Evocations
 15155 | Lair:5   | Noticed a six-headed hydra
 15162 | Lair:5   | Killed a nine-headed hydra
 15163 | Lair:5   | Reached skill level 10 in Fighting
 15163 | Lair:5   | Reached XP level 13. HP: 92/103 MP: 11/11
 15769 | D:10     | Found an iron altar of Okawaru.
 16804 | D:10     | Found a snail-covered altar of Cheibriados.
 17167 | D:11     | Found an ancient bone altar of Kikubaaqudgha.
 17553 | D:11     | Reached skill level 13 in Axes
 17880 | D:12     | Noticed Maurice
 17909 | D:12     | Killed Maurice
 18452 | Swamp:1  | Entered Level 1 of the Swamp
 18459 | Swamp:1  | Noticed a bunyip
 18476 | Swamp:1  | Killed a bunyip
 18496 | Swamp:1  | Noticed an eleionoma
 18508 | Swamp:1  | Killed an eleionoma
 18620 | Lair:3   | Identified 2 scrolls of acquirement
 18620 | Lair:3   | Acquired the +9 broad axe of Dissolution {vamp, rF- rC+++
                  | rN++ SInv}
 18624 | Lair:3   | Acquired 785 gold pieces
 18743 | Swamp:1  | Paralysed by a hornet for 2 turns
 18809 | Swamp:1  | Noticed an eleionoma
 18821 | Swamp:1  | Killed an eleionoma
 19516 | Swamp:2  | Noticed a bunyip
 19534 | Swamp:2  | Killed a bunyip
 19540 | Swamp:2  | Noticed an eleionoma
 19546 | Swamp:1  | Slain by an alligator

Illustrated notes

Levels and vault maps discovered:
D:1:      lightli_arrival_statue_moat, layout_loops_cross,
          minmay_split_cup_small
D:2:      layout_rooms, basic_altar
D:3:      layout_basic, mainiacjoe_overflow_brackets, uniq_grinder
D:4:      layout_loops_ring, lemuel_tele_altar, serial_shops,
          kennysheep_mini_moat, shop, solitary_fountain,
          minmay_misc_feat_diagonals
D:5:      layout_cave_pools, serial_shops,
          nicolae_shop_competitors_out_of_business, kennysheep_small_square
D:6:      layout_basic, nicolae_ru_great_annihilating_truth
D:7:      layout_basic, mainiacjoe_overflow_concentric_impassable,
          minmay_temple_entry_drinking_statues
D:8:      layout_loops_ring, mainiacjoe_overflow_alcove_4, elyvilon_altar_5
D:9:      layout_roguey, kennysheep_little_box, mainiacjoe_overflow_chevrons,
          david_lair_generic
D:10:     layout_basic, tso_oasis_becter, mainiacjoe_overflow_paths,
          slow_altar_2, serial_shops, nicolae_square_shop,
          minmay_fractal_squares_gapless_7
D:11:     layout_roguey, kennysheep_vampire_church
D:12:     layout_roguey, hiddenorc1_lemuel, gauntlet_entry_generic, uniq_maurice
Lair:1:   layout_misc_corridors, uniq_gastronok
Lair:2:   layout_regular_city, grunt_megastairs_3
Lair:3:   layout_small_grid, nicolae_swamp_entry_splash_gauntlet,
          guppyfry_snake_entry_garden, grunt_megastairs_5
Lair:4:   layout_layer_cave, basic_altar, minmay_holes,
          infiniplex_staircase_pool_2, lemuel_fruit_tree, serial_bayou_shore_a
Lair:5:   layout_gridlike, nicolae_slime_entry_slimehenge,
          gammafunk_ghost_arena, lemuel_fruit_fields, uniq_kirke
Swamp:1:  layout_falls_marsh, evilmike_swamp_ruin_rubble_1, swamp_pool4
Swamp:2:  layout_falls_marsh, gammafunk_ghost_arena, hangedman_swamp_ruin_hall,
          nicolae_island_escapes, uniq_frances, uniq_aizul

Skill      XL: |  1  2  3  4  5  6  7  8  9 10 11 12 13 |
---------------+----------------------------------------+-----
Axes           | 3 4 5 6 7 8 9 11 12 13 | 13.9
Armour         | 2 3 4 5 6 7 8 9 |  9.8
Fighting       | 4 5 6 7 8 10 11 | 11.0
Throwing       | 2 3 4 5 6 8 |  8.0
Shields        | 1 2 4 5 |  5.8
Evocations     | 3 5 7 |  7.1
Dodging        | |  1.7

Action                   |  1- 3 |  4- 6 |  7- 9 | 10-12 | 13-15 || total
-------------------------+-------+-------+-------+-------+-------++-------
Melee: Hand axe          |    82 |    94 |   172 |       |       ||   348
       Kick              |    17 |    31 |   104 |   133 |   132 ||   417
       Tailslap          |       |    10 |    54 |    80 |    73 ||   217
       Headbutt          |       |    13 |    51 |   106 |    84 ||   254
       War axe           |       |       |   109 |   390 |   331 ||   830
Throw: Dart              |       |       |     7 |     6 |    26 ||    39
       Javelin           |       |       |       |     4 |     4 ||     8
Invok: Berserk           |     1 |     1 |     5 |    12 |     6 ||    25
       Trog's Hand       |       |       |     1 |     5 |     2 ||     8
       Brothers in Arms  |       |       |       |       |     1 ||     1
  Use: Scroll            |       |     3 |     1 |     5 |     8 ||    17
       Potion            |       |       |       |     2 |     1 ||     3
 Stab: Sleeping          |     4 |       |       |       |       ||     4
       Paralysed         |       |       |     2 |       |       ||     2
Armor: Animal skin       |     1 |       |       |       |       ||     1
       Scale mail        |    23 |    46 |   109 |    65 |       ||   243
       Plate armour      |       |       |       |   116 |   207 ||   323
Dodge: Dodged            |    41 |    64 |   112 |    94 |    82 ||   393
Block: Buckler           |       |       |     9 |       |       ||     9
       Kite shield       |       |       |    79 |   204 |   173 ||   456

Table legend: (Time is in decaauts)
 A = Elapsed time spent in this place.
 B = Non-inter-level travel time spent in this place.
 C = Inter-level travel time spent in this place.
 D = Time resting spent in this place.
 E = Time spent auto-exploring this place.
 F = Levels seen in this place.
 G = Mean time per level.
                   A        B        C        D        E       F      G
               +--------+--------+--------+--------+--------+-----+--------+
         Total |  20051 |  18739 |   1312 |   5771 |   9782 |  19 | 1055.3 |
       Dungeon |  13163 |  12157 |   1006 |   4241 |   5962 |  12 | 1096.9 |
          Lair |   5799 |   5533 |    266 |   1184 |   3373 |   5 | 1159.8 |
         Swamp |   1089 |   1050 |     39 |    344 |    446 |   2 |  544.5 |
               +--------+--------+--------+--------+--------+-----+--------+

Top non-repeatable levels by time:
    D:10: 1875 daAuts
     D:1: 1641 daAuts
  Lair:3: 1638 daAuts
     D:8: 1342 daAuts
     D:3: 1328 daAuts
     D:2: 1176 daAuts
     D:6: 1161 daAuts
  Lair:4: 1121 daAuts
  Lair:5: 1080 daAuts
 Swamp:1: 1059 daAuts
  Lair:1: 1055 daAuts
    D:11: 1020 daAuts
     D:4: 983 daAuts
  Lair:2: 903 daAuts
     D:7: 822 daAuts
